 Dungeon Crawl Stone Soup version 0.26-a0-971-g1d9d62bb61 (webtiles) character file.

Game seed: 393240635632428026

897 dickylongcocking the Grave Robber (level 7, -2/61 HPs)
             Began as a Deep Dwarf Necromancer on Dec 4, 2020.
             Was a Follower of Jiyva.
             Slain by an ogre
             ... wielding a +0 giant club
              (17 damage)
             ... on level 6 of the Dungeon.
             The game lasted 00:11:02 (6654 turns).

dickylongcocking the Grave Robber (DDNe)            Turns: 6654, Time: 00:11:03

Health: -2/61      AC:  6    Str: 12    XL:     7   Next: 79%
Magic:  3/14       EV: 12    Int: 22    God:    Jiyva [*.....]
Gold:   14         SH:  0    Dex: 13    Spells: 12/16 levels left

rFire    . . .     SeeInvis .   s - +3 broad axe (elec)
rCold    . . .     Faith    .   (no shield)
rNeg     . . .     Spirit   .   i - +0 robe {MR+}
rPois    +         Reflect  .   (helmet restricted)
rElec    .         Harm     .   b - +1 cloak
rCorr    .         Rampage  .   h - +1 pair of gloves of the Morning Star {rPois Int+5}
MR       +++..                  (no boots)
Stlth    ++........             (no amulet)
HPRegen  0.00/turn              (no ring)
MPRegen  0.14/turn              (no ring)

@: non-regenerating
A: damage resistance, heal wounds, horns 1, magic resistance 1, sense
surroundings 1, no regeneration
a: Heal Wounds, Request Jelly, Renounce Religion


You were on level 6 of the Dungeon.
You worshipped Jiyva.
Jiyva was aware of your devotion.
You visited 2 branches of the dungeon, and saw 7 of its levels.

You collected 252 gold pieces.
You spent 238 gold pieces at shops.

Inventory:

Hand Weapons
 e - a +1 dagger of venom
 g - a +2 short sword of venom
 r - a +0 hand axe of flaming
 s - a +3 broad axe of electrocution (weapon)
 t - the +1 quarterstaff of the Undead {freeze, rElec MR- Stlth+}
   (You found it on level 5 of the Dungeon)

   It has been specially enchanted to freeze those struck by it, causing extra
   injury to most foes and up to half again as much damage against particularly
   susceptible opponents.
   It can also slow down cold-blooded creatures.
   It insulates you from electricity.
   It affects your resistance to hostile enchantments.
   It makes you more stealthy.
Armour
 a - a +0 robe
 b - a +1 cloak (worn)
 f - a scarf of harm
 h - the +1 pair of gloves of the Morning Star (worn) {rPois Int+5}
   (You found it on level 4 of the Dungeon)

   It affects your intelligence (+5).
   It protects you from poison.
 i - a +0 robe of magic resistance (worn)
Jewellery
 d - an uncursed ring of fire
 n - an uncursed ring of poison resistance
 o - a cursed amulet of inaccuracy
Wands
 j - a wand of digging (8)
Scrolls
 c - a scroll of identify
 p - a scroll of amnesia {unknown}
 q - 2 scrolls of remove curse
Potions
 k - a potion of ambrosia
 l - a potion of cancellation
 m - a potion of curing
 u - a potion of heal wounds
 v - a potion of berserk rage {unknown}


   Skills:
 * Level 2.7 Fighting
 - Level 2.3 Dodging
 - Level 2.4 Stealth
 * Level 5.1 Spellcasting
 * Level 7.7 Necromancy


You had 12 spell levels left.
You knew the following spells:

 Your Spells              Type           Power        Failure   Level
a - Pain                  Necr           ####         1%          1
b - Vampiric Draining     Necr           #####.....   1%          3

Your spell library contained the following spells:

 Spells                   Type           Power        Failure   Level
 Animate Skeleton         Necr           #####.       1%          1
 Animate Dead             Necr           #####.....   4%          4
 Agony                    Necr           #####...     12%         5


Dungeon Overview and Level Annotations

Branches:
Dungeon (6/15)             Temple (1/1) D:4

Altars:
Ashenzari
Cheibriados
Elyvilon
Fedhas
Gozag
Kikubaaqudgha
Makhleb
Okawaru
Qazlal
Ru
Sif Muna
Trog
Uskayaw
Vehumet
Wu Jian
Xom
Yredelemnul
Zin
The Shining One
Jiyva

Shops:
D:4 =   D:5 ?!(

Annotations:
D:3 Smugzug's ghost, amateur HOFi
D:5 2 transporters, ardl's ghost, novice GrBr
D:6 Blork the orc


Innate Abilities, Weirdness & Mutations

You are resistant to damage.
You can heal yourself by infusing magical energy.
You passively map a small area around you.
You do not regenerate.
You have a pair of small horns on your head.
You are resistant to hostile enchantments. (MR+)


Message History

Aim: an ogre, wielding a +0 giant club (severely wounded)
You kill the ogre!
You feel life coursing into your body.
Unknown command.
Unknown command.
You miss the phantom. Your headbutt misses the phantom.
You closely miss the jackal. The jackal bites you.
The jackal closely misses you. The phantom misses you.
The jackal barely misses you. The jackal closely misses you.
Unknown command.
You closely miss the phantom. Your headbutt misses the phantom.
You slash the jackal!
You kill the jackal!
You completely miss the jackal. The jackal bites you.
* * * LOW HITPOINT WARNING * * *
The phantom hits you.
* * * LOW HITPOINT WARNING * * *
The jackal bites you.
The ogre hits you with a +0 giant club!!
You die...

....# * ....# ....###
......# ## ......# ,..#
......# ###...# ##....#
*.....$#
#....###########O.....#
#.<.)..........@W......
################ho.....
, , * h...... * .......
....... , , ......#
......# , , ......# * ,


You could see a phantom, Blork the orc, an ogre and 2 jackals.

Vanquished Creatures
  An ice beast (D:5)
  2 ogres (D:6)
  A scorpion (D:4)
  A howler monkey (D:4)
  An orc priest (D:4)
  Crazy Yiuf (D:2)
  An orc wizard (D:4)
  Ijyb (D:3)
  An iguana (D:4)
  Natasha (thrice) (D:3)
  A worker ant (D:4)
  A worker ant zombie (D:5)
  Robin (D:2)
  9 adders
  A white imp (D:5)
  An ufetubus (D:5)
  An ooze (D:2)
  An adder skeleton (D:4)
  4 worms
  2 dart slugs
  7 leopard geckos
  20 orcs
  3 ball pythons
  5 giant cockroaches
  14 goblins
  9 hobgoblins
  14 jackals
  3 quokkas
  12 bats
  7 frilled lizards
  8 kobolds
  2 quokka skeletons (D:4)
  6 rats
145 creatures vanquished.

Vanquished Creatures (others)
  A howler monkey (D:5)
  An orc wizard (D:4)
  A worker ant (D:5)
  A hound skeleton (D:5)
  A shadow imp (D:5)
  A fungus (D:2)
6 creatures vanquished.

Grand Total: 151 creatures vanquished

Notes
Turn   | Place    | Note
-------+----------+-------------------------------------------
     0 | D:1      | dickylongcocking the Deep Dwarf Necromancer began the quest
                  | for the Orb.
     0 | D:1      | Reached XP level 1. HP: 15/15 MP: 3/3
   505 | D:1      | Reached XP level 2. HP: 22/22 MP: 4/4
  1302 | D:2      | Reached XP level 3. HP: 21/28 MP: 0/6
  1518 | D:2      | Reached skill level 5 in Necromancy
  1561 | D:2      | Learned a level 3 spell: Vampiric Draining
  1981 | D:2      | Found a shimmering blue altar of Sif Muna.
  2035 | D:2      | Noticed Robin
  2283 | D:2      | Reached XP level 4. HP: 17/36 MP: 4/8
  2564 | D:2      | Found a runed translucent door.
  2565 | D:2      | Noticed Crazy Yiuf
  2569 | D:2      | Gained mutation: You are resistant to hostile enchantments.
                  | (MR+) [potion of mutation]
  2569 | D:2      | Gained mutation: You have a pair of small horns on your
                  | head. [potion of mutation]
  2575 | D:2      | Killed Crazy Yiuf
  3004 | D:2      | Killed Robin
  3010 | D:2      | Reached XP level 5. HP: 19/42 MP: 1/10
  3014 | D:2      | Found a hide-covered altar of Uskayaw.
  3131 | D:3      | Found a runed translucent door.
  3140 | D:3      | Noticed Natasha
  3146 | D:3      | Killed Natasha
  3252 | D:3      | Noticed Natasha
  3265 | D:3      | Killed Natasha
  3266 | D:3      | Reached skill level 6 in Necromancy
  3511 | D:3      | Noticed Ijyb
  3518 | D:3      | Killed Ijyb
  3988 | D:3      | Found a glowing silver altar of Zin.
  4055 | D:3      | Reached XP level 6. HP: 37/49 MP: 12/12
  4084 | D:3      | Noticed Natasha
  4091 | D:3      | Killed Natasha
  4281 | D:3      | Noticed Smugzug's ghost (amateur HOFi)
  4581 | D:4      | Found a blossoming altar of Fedhas.
  5007 | D:4      | Reached skill level 1 in Fighting
  5007 | D:4      | Reached skill level 7 in Necromancy
  5011 | D:4      | Got a pair of shimmering gloves
  5016 | D:4      | Identified the +1 pair of gloves of the Morning Star {rPois
                  | Int+5} (You found it on level 4 of the Dungeon)
  5031 | D:4      | Reached XP level 7. HP: 53/57 MP: 2/13
  5204 | D:4      | Found a staircase to the Ecumenical Temple.
  5214 | Temple   | Entered the Ecumenical Temple
  5374 | Temple   | Became a worshipper of Jiyva Jioloise the Shapeless
  5493 | D:4      | Found Ygohoha's Jewellery Shop.
  5698 | D:4      | Found an ancient bone altar of Kikubaaqudgha.
  5699 | D:4      | Found a burning altar of Makhleb.
  5825 | D:4      | Found a snail-covered altar of Cheibriados.
  5943 | D:5      | Entered Level 5 of the Dungeon
  5943 | D:5      | Found Tiane's Antique Weapon Emporium.
  5947 | D:5      | Bought a glowing broad axe for 168 gold pieces
  5954 | D:5      | Reached * piety under Jiyva
  5970 | D:5      | Got an ebony quarterstaff
  5971 | D:5      | Identified the +1 quarterstaff of the Undead {freeze, rElec
                  | MR- Stlth+} (You found it on level 5 of the Dungeon)
  6091 | D:5      | Found Qilipeoxt's Distillery.
  6096 | D:5      | Bought a potion of heal wounds for 70 gold pieces
  6131 | D:5      | Found a bloodstained altar of Trog.
  6134 | D:5      | Found an iron altar of Okawaru.
  6247 | D:5      | Found a stormy altar of Qazlal.
  6263 | D:5      | Found Junodd's Magic Scroll Emporium.
  6271 | D:5      | Found a shimmering altar of Xom.
  6275 | D:5      | Found a shimmering altar of Xom.
  6275 | D:5      | Found a shimmering altar of Xom.
  6275 | D:5      | Found a shimmering altar of Xom.
  6275 | D:5      | Found a shimmering altar of Xom.
  6276 | D:5      | Found a shimmering altar of Xom.
  6276 | D:5      | Found a shimmering altar of Xom.
  6276 | D:5      | Found a shimmering altar of Xom.
  6285 | D:5      | Found a transporter.
  6292 | D:5      | Noticed ardl's ghost (novice GrBr)
  6305 | D:5      | Found a transporter.
  6394 | D:5      | Found a shimmering altar of Xom.
  6568 | D:6      | Reached skill level 5 in Spellcasting
  6650 | D:6      | Noticed Blork the orc
  6654 | D:6      | Slain by an ogre

Illustrated notes

Levels and vault maps discovered:
D:1:      dpeg_arrival_stone_temple_mockup, layout_basic,
          minmay_misc_feat_hallway
D:2:      layout_basic, lemuel_doored_altar, lemuel_coloured_pillars_altar,
          uniq_robin, uniq_crazy_yiuf_cottage
D:3:      layout_loops_cross, zin_academy, ebering_ghost_sewer_d,
          kennysheep_generic_room_4, uniq_ijyb, uniq_natasha
D:4:      minmay_evil_eye, layout_basic, kennysheep_mini_moat, fedhas_altar_2,
          gammafunk_temple_overflow_pools, minmay_temple_entry_waves,
          serial_shops, nicolae_shop_trees
D:5:      layout_rooms, grunt_temple_overflow_bloody_war, lemuel_crystal_altar,
          serial_shops, nicolae_shop_trees, nicolae_shop_stone, shop_statue,
          gammafunk_ghost_arena, xom_redecorated
D:6:      layout_basic, nicolae_qazlal_style_of_elements, uniq_blork_the_orc
Temple:   pf_slime_end_temple

Skill      XL: |  1  2  3  4  5  6  7 |
---------------+----------------------+-----
Spellcasting   | 2 3 4 5 |  5.1
Necromancy     | 5 6 7 |  7.7
Fighting       | 1 2 |  2.7
Dodging        | |  2.3
Stealth        | |  2.4

Action                   |  1- 3 |  4- 6 |  7- 9 || total
-------------------------+-------+-------+-------++-------
Melee: Dagger            |    25 |    16 |       ||    41
       Headbutt          |       |    14 |    10 ||    24
       Short sword       |       |    86 |    15 ||   101
       Broad axe         |       |       |    26 ||    26
 Cast: Pain              |    60 |    38 |       ||    98
       Vampiric Draining |     5 |    51 |    20 ||    76
Evoke: Wand              |       |     3 |       ||     3
  Use: Potion            |       |     3 |       ||     3
       Scroll            |       |     5 |     3 ||     8
 Stab: Sleeping          |       |     7 |       ||     7
Armor: Robe              |    14 |    33 |    15 ||    62
Dodge: Dodged            |    50 |   109 |    52 ||   211

Table legend: (Time is in decaauts)
 A = Elapsed time spent in this place.
 B = Non-inter-level travel time spent in this place.
 C = Inter-level travel time spent in this place.
 D = Time resting spent in this place.
 E = Time spent auto-exploring this place.
 F = Levels seen in this place.
 G = Mean time per level.
                   A        B        C        D        E       F      G
               +--------+--------+--------+--------+--------+-----+--------+
         Total |   6681 |   6390 |    291 |   1047 |   4308 |   7 |  954.4 |
       Dungeon |   6527 |   6258 |    269 |   1047 |   4197 |   6 | 1087.8 |
        Temple |    154 |    132 |     22 |      0 |    111 |   1 |  154.0 |
               +--------+--------+--------+--------+--------+-----+--------+

Top non-repeatable levels by time:
     D:1: 1906 daAuts
     D:3: 1393 daAuts
     D:2: 1281 daAuts
     D:4: 1219 daAuts
     D:5: 633 daAuts
  Temple: 154 daAuts
     D:6: 93 daAuts
